 Dungeon Crawl Stone Soup version 0.21.1-1-g345015f (webtiles) character file.

21 Lurcharcal the Firebug (level 2, 0/20 HPs)
             Began as a Draconian Fire Elementalist on May 24, 2018.
             Slain by Natasha (7 damage)
             ... on level 3 of the Dungeon.
             The game lasted 00:13:29 (1427 turns).

Lurcharcal the Firebug (DrFE)                       Turns: 1427, Time: 00:13:30

Health: 0/20       AC:  4    Str: 10    XL:     2   Next: 62%
Magic:  4/5        EV: 11    Int: 15    God:
Gold:   148        SH:  4    Dex: 11    Spells: 4/5 levels left

rFire    . . .     SeeInvis .   d - +1 whip
rCold    . . .     Gourm    .   (no shield)
rNeg     . . .     Faith    .   (armour unavailable)
rPois    .         Spirit   .   (helmet restricted)
rElec    .         Reflect  +   (no cloak)
rCorr    .         Harm     .   (no gloves)
MR       .....                  (no boots)
Stlth    +.........             h - +4 amulet of reflection
HPRegen  0.06/turn              (no ring)
MPRegen  0.09/turn              (no ring)

@: heavily drained
A: unfitting armour, cold-blooded, AC +4
a: no special abilities


You were on level 3 of the Dungeon.
You were not hungry.

You visited 1 branch of the dungeon, and saw 3 of its levels.

You collected 148 gold pieces.

Inventory:

Hand Weapons
 d - a +1 whip (weapon)
 i - a +0 dagger
Jewellery
 h - a +4 amulet of reflection (around neck)
Scrolls
 e - a scroll of teleportation
 f - a scroll of immolation {unknown}
Potions
 c - 2 potions of might {unknown}
 g - a potion of mutation {unknown}
 j - a potion of curing {unknown}
Books
 a - a book of Flames

   Spells                             Type                      Level
   a - Flame Tongue                   Conjuration/Fire             1
   b - Throw Flame                    Conjuration/Fire             2
   c - Conjure Flame                  Conjuration/Fire             3
   d - Inner Flame                    Hexes/Fire                   3
   e - Sticky Flame                   Conjuration/Fire             4
   f - Fireball                       Conjuration/Fire             5
Comestibles
 b - 6 rations
 k - 3 chunks of flesh


   Skills:
 * Level 1.0(0.0) Maces & Flails
 + Level 2.0(0.5) Dodging
 - Level 1.7(0.3) Stealth
 + Level 2.1(0.7) Spellcasting
 - Level 1.0(0.0) Conjurations
 + Level 3.4(1.9) Fire Magic


You had 4 spell levels left.
You knew the following spells:

 Your Spells              Type           Power        Failure   Level  Hunger
a - Flame Tongue          Conj/Fire      #....        17%         1    ##.....


Dungeon Overview and Level Annotations

Branches:
Dungeon (3/15)

Altars:

Annotations:
D:3 Natasha


Innate Abilities, Weirdness & Mutations

Your plain brown scales are hard. (AC +4)
You cannot fit into any form of body armour.
You are cold-blooded and may be slowed by cold attacks.


Message History

The worm is lightly wounded.
Natasha hisses.
You hit the worm.
The worm is heavily wounded.
Natasha closely misses you. The worm bites you. Natasha casts a spell at you.
The magic dart hits you!
You barely miss the worm. You tail-slap the worm.
The worm is heavily wounded.
The bat hits you but does no damage. The bat closely misses you.
Natasha claws you! The worm misses you.
Casting: Flame Tongue
Confirm with . or Enter, or press ? or * to list all spells.
Aiming: Flame Tongue
Press: ? - help, Shift-Dir - straight line, f - Natasha
Aim: Natasha The flame tongue hits Natasha.
Natasha is moderately wounded.
The bat closely misses you. Natasha claws you!
You die...

..........................
....................(.....
####....................##
#.............(...#....#
#........<........#....#
.....#+#......#...........
........$.....#...........
..........#...#..#........
..##....h@....#...........
#......b.w###.# ......##..
... ...... #... ... ..(..%
#.... # ...... #..... .b#
#.###.# ... .#


You could see a worm, Natasha and a bat.

Vanquished Creatures
  A dart slug (D:2)
  A bat (D:3)
  2 giant cockroaches
  A goblin (D:2)
  2 hobgoblins
  4 jackals (D:1)
  A quokka (D:3)
  2 frilled lizards (D:2)
  2 rats
16 creatures vanquished.

Notes
Turn   | Place    | Note
-------+----------+-------------------------------------------
     0 | D:1      | Lurcharcal the Draconian Fire Elementalist began the quest for the Orb.
     0 | D:1      | Reached XP level 1. HP: 14/14 MP: 3/3
   612 | D:1      | Reached XP level 2. HP: 10/20 MP: 5/5
  1375 | D:3      | Reached skill level 1 in Maces & Flails
  1419 | D:3      | Noticed Natasha
  1427 | D:3      | Slain by Natasha

Skill      XL: |  1  2 |
---------------+-------+-----
Maces & Flails | 1 |  1.0
Dodging        | 2 |  2.0
Stealth        | |  1.7
Spellcasting   | |  2.1
Conjurations   | |  1.0
Fire Magic     | |  3.4

Action                   || total
-------------------------++-------
Melee: Whip              ||    56
       Tailslap          ||     8
 Cast: Flame Tongue      ||     7
  Use: Scroll            ||     5
  Eat: Ration            ||     1
Armor: Skin              ||    14
Dodge: Dodged            ||    35
Block: Other             ||     7
